 Dungeon Crawl Stone Soup version 0.23-a0-819-g6debee6 (webtiles) character file.

1216 Inarius the Covert (level 8, -9/37 HPs)
             Began as a Felid Berserker on Jan 22, 2019.
             Was a Priest of Trog.
             Mangled by a bone dragon (17 damage)
             ... on level 1 of the Abyss.
             The game lasted 00:12:22 (5490 turns).

Inarius the Covert (Felid Berserker)                Turns: 5490, Time: 00:12:23

Health: -9/37      AC:  2    Str: 13    XL:     8   Next: 22%
Magic:  9/9        EV: 23    Int:  8    God:    Trog [***...]
Gold:   273        SH:  0    Dex: 18    Spells: 7/7 levels left
                                        Lives:  0   Deaths: 2

rFire    . . .     SeeInvis +     - Unarmed
rCold    . . .     Gourm    .   (shield unavailable)
rNeg     . . .     Faith    .   (armour unavailable)
rPois    .         Spirit   .   (helmet unavailable)
rElec    .         Reflect  .   (cloak unavailable)
rCorr    .         Harm     .   (gloves unavailable)
MR       +....                  (boots unavailable)
Stlth    +++++.....             (no amulet)
HPRegen  0.12/turn              (no ring)
MPRegen  0.11/turn              (no ring)

@: quick
A: very small, no armour, no weapons or thrown items, stealth, claws 1, fangs 3,
see invisible, carnivore, speed 1, shaggy fur 2, slow metabolism 1, sharp paws
a: Berserk, Trog's Hand, Renounce Religion


You were on level 1 of the Abyss.
You worshipped Trog.
Trog was most pleased with you.
You were not hungry.

You visited 1 branch of the dungeon, and saw 5 of its levels.
You visited the Abyss 2 times.

You collected 273 gold pieces.

Inventory:

Scrolls
 b - a scroll of identify
 c - 5 scrolls of remove curse
 g - 3 scrolls of enchant weapon
 h - 2 scrolls of magic mapping
 j - a scroll of amnesia {unknown}
 k - 3 scrolls of enchant armour {unknown}
 o - a scroll of blinking {unknown}
Potions
 d - a potion of degeneration {unknown}
 e - a potion of lignification
 i - a potion of haste {unknown}
 m - a potion of ambrosia {unknown}
 n - a potion of cancellation {unknown}
 q - a potion of agility
Comestibles
 a - 8 rations


   Skills:
 * Level 5.2 Fighting
 + Level 7.3 Dodging
 + Level 9.5 Stealth
 + Level 8.8 Unarmed Combat


You had 7 spell levels left.
You didn't know any spells.
Your spell library was empty.

Dungeon Overview and Level Annotations

Branches:
Dungeon (5/15)
 Temple: D:4-7

Altars:
Ashenzari
Elyvilon
Fedhas
Nemelex Xobeh
Vehumet


Innate Abilities, Weirdness & Mutations

You cannot wear armour.
You are incapable of wielding weapons or throwing items.
Your paws allow you to move quietly. (Stealth)
You have sharp claws.
You have razor-sharp teeth.
You have supernaturally acute eyesight. (SInv)
You are carnivorous and can eat meat at any time.
You cover ground quickly.
You are covered in thick fur. (AC +2)
You have a slow metabolism.
Your sharp claws are effective at attacking unaware monsters.


Message History

Found a lumpy dark potion.
d - a lumpy dark potion
There are no items here.
Found a gateway leading deeper into the Abyss.
A tentacled starspawn comes into view.
A quasit comes into view.
The quasit moves out of view.
Found a scroll labeled DAGAEFR DYGEMI.
A bone dragon comes into view.
Found a gateway leading deeper into the Abyss.
You are suddenly pulled into a different region of the Abyss!
A lich comes into view.
You claw the bone dragon!
You bite the bone dragon, but do no damage.
The bone dragon is lightly damaged.
The bone dragon bites you!!
Ouch! That really hurt!
* * * LOW HITPOINT WARNING * * *
The bone dragon closely misses you. The bone dragon tramples you!
You die...

## .# ## .#
...##. . ..#
#..#.#.##
#L.....#
....#.#.# #
.. #@#
#.#....D..#
#....#####.#
#.#.#. .. .
## .# .# ##


You could see a bone dragon.

Vanquished Creatures
  A great orb of eyes (Abyss:2)
  The ghost of Nico3ck the Cudgeler, a novice DsGl of Okawaru (D:5)
  A raiju (Abyss:2)
  A ynoxinul (Abyss:2)
  Menkaure (D:5)
  A hungry ghost (D:4)
  An ice beast (D:5)
  A big kobold (D:5)
  A small abomination (Abyss:2)
  A crimson imp (D:4)
  2 hounds
  A bullfrog skeleton (D:4)
  2 orc wizards (D:4)
  A centaur skeleton (D:5)
  2 iguanas (D:5)
  3 worker ants
  10 adders
  10 gnolls
  A shadow imp (D:5)
  An ufetubus (Abyss:2)
  2 oozes
  6 worms
  6 dart slugs
  5 leopard geckos
  11 orcs
  5 giant cockroaches
  7 hobgoblins
  5 jackals
  A quokka (D:5)
  4 bats (D:3)
  2 frilled lizards (D:2)
  5 goblins
  14 kobolds
  A quokka skeleton (D:4)
  4 rats
121 creatures vanquished.

Vanquished Creatures (others)
  2 fungi (D:5)
  2 plants (D:5)
4 creatures vanquished.

Grand Total: 125 creatures vanquished

Notes
Turn   | Place    | Note
-------+----------+-------------------------------------------
     0 | D:1      | Inarius the Felid Berserker began the quest for the Orb.
     0 | D:1      | Reached XP level 1. HP: 10/10 MP: 2/2
    32 | D:1      | Reached XP level 2. HP: 14/14 MP: 3/3
    46 | D:1      | Reached skill level 1 in Stealth
   406 | D:1      | Reached XP level 3. HP: 17/17 MP: 4/4
   661 | D:2      | Found a shattered altar of Ashenzari.
  1086 | D:2      | Reached skill level 2 in Stealth
  1090 | D:2      | Reached XP level 4. HP: 21/21 MP: 5/5
  1355 | D:2      | Found a sparkling altar of Nemelex Xobeh.
  1382 | D:2      | Reached ** piety under Trog
  1906 | D:2      | Reached skill level 5 in Dodging
  2101 | D:3      | Reached skill level 3 in Stealth
  2101 | D:3      | Reached XP level 5. HP: 24/24 MP: 6/6
  2956 | D:4      | Reached skill level 4 in Stealth
  3011 | D:4      | Gained mutation: You are covered in thick fur. (AC +2)
                  | [Felid growth]
  3011 | D:4      | Reached XP level 6. HP: 24/28 MP: 7/7
  3137 | D:4      | Reached skill level 5 in Unarmed Combat
  3150 | D:4      | Reached skill level 5 in Stealth
  3411 | D:4      | Noticed a hungry ghost
  3421 | D:4      | Killed a hungry ghost
  3421 | D:4      | Reached skill level 6 in Stealth
  3421 | D:4      | Reached XP level 7. HP: 31/31 MP: 8/8
  3464 | D:4      | Found a white marble altar of Elyvilon.
  3485 | D:4      | Found a blossoming altar of Fedhas.
  3806 | D:5      | Entered Level 5 of the Dungeon
  3853 | D:5      | Noticed Menkaure
  3855 | D:5      | Killed Menkaure
  3855 | D:5      | Reached skill level 7 in Stealth
  3869 | D:5      | Reached *** piety under Trog
  3893 | D:5      | Reached skill level 8 in Stealth
  4163 | D:5      | Found a runed gate.
  4163 | D:5      | Found a runed gate.
  4163 | D:5      | Found a runed gate.
  4165 | D:5      | Identified the +7 short sword "Zefufet" {chaos, Str+4 Int-3
                  | Stlth+}
  4169 | D:5      | Noticed Nico3ck's ghost (novice DsGl)
  4369 | D:5      | Found a radiant altar of Vehumet.
  4485 | D:5      | Killed Nico3ck's ghost
  4485 | D:5      | Reached XP level 8. HP: 34/36 MP: 0/9
  4513 | D:5      | Cast into level 2 of the Abyss (big kobold)
  4536 | Abyss:2  | Found a corrupted altar of Lugonu.
  4571 | Abyss:2  | Noticed a large abomination
  4580 | Abyss:2  | Noticed a wretched star
  4625 | Abyss:2  | Noticed a raiju
  4625 | Abyss:2  | Noticed a raiju
  4625 | Abyss:2  | Noticed a raiju
  4627 | Abyss:2  | Noticed a raiju
  4635 | Abyss:2  | Reached skill level 9 in Stealth
  4643 | Abyss:2  | Killed a raiju
  4651 | Abyss:2  | Killed from afar by a raiju
  4652 | Abyss:2  | Reached XP level 7. HP: -1/33 MP: 8/8
  4716 | Abyss:2  | Noticed a ynoxinul
  4737 | Abyss:2  | Noticed a smoke demon
  4750 | Abyss:2  | Noticed an apocalypse crab
  4758 | Abyss:2  | Noticed a thrashing horror
  4767 | Abyss:2  | Noticed a small abomination
  4776 | Abyss:2  | Noticed a large abomination
  4780 | Abyss:2  | Noticed a large abomination
  4780 | Abyss:2  | Noticed a ynoxinul
  4802 | Abyss:2  | Noticed a chaos spawn
  4824 | Abyss:2  | Noticed a large abomination
  4826 | Abyss:2  | Noticed a neqoxec
  4849 | Abyss:2  | Noticed an orange demon
  4858 | Abyss:2  | Noticed an ancient zyme
  4859 | Abyss:2  | Noticed a large abomination
  4859 | Abyss:2  | Noticed a wretched star
  4871 | Abyss:2  | Noticed a large abomination
  4881 | Abyss:2  | Noticed a shadow
  4895 | Abyss:2  | Noticed a bone dragon
  4915 | Abyss:2  | Mangled by a bone dragon
  4916 | Abyss:2  | Reached XP level 6. HP: -11/43 MP: 7/7
  4956 | Abyss:2  | Noticed a shadow wraith
  4965 | Abyss:2  | Noticed an ancient zyme
  4974 | Abyss:2  | Noticed a small abomination
  4978 | Abyss:2  | Noticed an ancient zyme
  4985 | Abyss:2  | Noticed a large abomination
  4988 | Abyss:2  | Noticed a daeva
  4994 | Abyss:2  | Noticed an eidolon
  5000 | Abyss:2  | Noticed a large abomination
  5006 | Abyss:2  | Noticed a vampire
  5008 | Abyss:2  | Noticed a small abomination
  5010 | Abyss:2  | Noticed a spatial maelstrom
  5012 | Abyss:2  | Noticed a spatial vortex
  5012 | Abyss:2  | Noticed a spatial vortex
  5012 | Abyss:2  | Noticed a spatial vortex
  5013 | Abyss:2  | Noticed a spatial vortex
  5013 | Abyss:2  | Noticed a spatial vortex
  5013 | Abyss:2  | HP: 1/29 [spatial maelstrom (21)]
  5014 | Abyss:2  | Noticed a spatial vortex
  5015 | Abyss:2  | Noticed a neqoxec
  5015 | Abyss:2  | Noticed an efreet
  5019 | Abyss:2  | Noticed an apocalypse crab
  5050 | Abyss:2  | Found an iron altar of Okawaru.
  5129 | Abyss:2  | Noticed a neqoxec
  5171 | Abyss:2  | Noticed a wretched star
  5180 | Abyss:2  | Noticed a great orb of eyes
  5180 | Abyss:2  | Noticed a smoke demon
  5192 | Abyss:2  | Killed a great orb of eyes
  5192 | Abyss:2  | Reached skill level 5 in Fighting
  5192 | Abyss:2  | Reached XP level 7. HP: 29/33 MP: 8/8
  5192 | Abyss:2  | Reached XP level 8. HP: 33/37 MP: 9/9
  5196 | D:5      | Escaped the Abyss
  5428 | D:5      | Cast into level 1 of the Abyss (kobold)
  5452 | Abyss:1  | Noticed a tentacled starspawn
  5470 | Abyss:1  | Noticed a bone dragon
  5487 | Abyss:1  | Noticed a lich
  5490 | Abyss:1  | Mangled by a bone dragon

Vault maps used:
D:1:      saegor_arrival_under_anarchy, serial_bayou_crossing
D:2:      ashenzari_altar_1, nemelex_xobeh_ov_fountains_minmay, serial_forest,
          infiniplex_forest_straight_1, infiniplex_forest_clump_double,
          infiniplex_forest_zigzag_1, infiniplex_forest_clump_small,
          infiniplex_forest_end_2, infiniplex_forest_lined_2,
          infiniplex_forest_lined_room_
D:3:      chequers_garden
D:4:      fedhas_altar_2, first_ration, elyvilon_altar_5
D:5:      vehumet_crystals, gammafunk_ghost_nasty_kobolds, uniq_menkaure

Skill      XL: |  1  2  3  4  5  6  7  8 |
---------------+-------------------------+-----
Stealth        | 1 2 3 4 6 8 9 |  9.5
Unarmed Combat | 4 8 7 |  8.8
Dodging        | 5 7 6 |  7.3
Fighting       | 5 4 |  5.2

Action                   |  1- 3 |  4- 6 |  7- 9 || total
-------------------------+-------+-------+-------++-------
Melee: Unarmed           |    80 |   142 |   115 ||   337
       Bite              |     6 |    14 |    14 ||    34
       Punch             |       |     4 |     3 ||     7
Invok: Berserk           |     3 |     9 |     5 ||    17
       Trog's Hand       |       |     1 |     4 ||     5
  Use: Scroll            |       |     1 |    10 ||    11
       Potion            |       |       |     3 ||     3
 Stab: Sleeping          |       |    18 |     5 ||    23
       Distracted        |       |     1 |     1 ||     2
  Eat: Chunk             |     9 |    12 |     9 ||    30
Armor: Skin              |       |     7 |     5 ||    12
Dodge: Dodged            |    66 |    96 |   149 ||   311

Table legend:
 A = Non-vault XP
 B = Vault XP
 C = Vault XP percentage of total XP
 D = Non-vault monster count
 E = Vault monster count
 F = Vault count percentage of total count
                 A         B        C        D         E       F
            +---------+---------+-------+---------+---------+-------
      Total |    2746 |     676 |  19.8 |     111 |      10 |   8.3
            +---------+---------+-------+---------+---------+-------
        D:1 |      43 |       0 |   0.0 |      19 |       0 |   0.0
        D:2 |     100 |       0 |   0.0 |      21 |       0 |   0.0
        D:3 |     154 |       0 |   0.0 |      25 |       0 |   0.0
        D:4 |     496 |       0 |   0.0 |      22 |       0 |   0.0
        D:5 |     451 |     676 |  60.0 |      19 |      10 |  34.5
    Abyss:2 |    1502 |       0 |   0.0 |       5 |       0 |   0.0
            +---------+---------+-------+---------+---------+-------
